 Dungeon Crawl Stone Soup version 0.28.0-45-g0d030f2227 (webtiles) character file.

Game seed: 3133969970432575180

19 pkoi the Digger (level 2, 0/20 HPs)
             Began as a Demigod Earth Elementalist on Apr 21, 2022.
             Slain by a gnoll
             ... wielding a +0 club
              (6 damage)
             ... on level 2 of the Dungeon.
             The game lasted 00:01:43 (1247 turns).

pkoi the Digger (Demigod Earth Elementalist)        Turns: 1247, Time: 00:01:44

Health: 0/20       AC:  2    Str:  9    XL:     2   Next: 39%
Magic:  7/7        EV:  6    Int: 17    God:
Gold:   20         SH:  0    Dex: 14    Spells: 1/4 levels left

rFire   . . .      SeeInvis .   d - +1 dagger
rCold   . . .      Faith    .   (no shield)
rNeg    . . .      Spirit   .   b - +0 robe
rPois   .          Reflect  .   (no helmet)
rElec   .          Harm     .   (no cloak)
rCorr   .          Rampage  .   (no gloves)
Will    .....                   (no boots)
Stlth   ++........              (no amulet)
HPRegen 0.06/turn               (no ring)
MPRegen 0.10/turn               (no ring)

@: held
A: high MP 1, forlorn, divine attributes
a: no special abilities


You were on level 2 of the Dungeon.
You visited 1 branch of the dungeon, and saw 2 of its levels.

You collected 20 gold pieces.

Inventory:

Hand Weapons
 d - a +1 dagger (weapon)
 e - a +0 long sword
 h - a +0 whip
Missiles
 c - 53 stones
Armour
 b - a +0 robe (worn)
Scrolls
 f - 2 scrolls of vulnerability {unknown}
 g - a scroll of acquirement {unknown}
Potions
 a - a potion of flight {unknown}


   Skills:
 + Level 0.0 Fighting
 + Level 0.0 Short Blades
 - Level 1.7 Dodging
 + Level 1.7 Stealth
 - Level 1.7 Spellcasting
 + Level 0.8 Transmutations
 * Level 3.5 Earth Magic


You had one spell level left.
You knew the following spells:

 Your Spells              Type           Power      Damage    Failure   Level
a - Sandblast             Erth           26%        2d8       4%          1
b - Passwall              Tmut/Erth      7%         N/A       12%         2

Your spell library contained the following spells:

 Spells                   Type           Power      Damage    Failure   Level
 Stone Arrow              Conj/Erth      14%        3d7       28%         3
 Petrify                  Tmut/Erth      9%         N/A       63%         4


Dungeon Overview and Level Annotations

Branches:
Dungeon (2/15)

Shops:
D:1 (=


Innate Abilities, Weirdness & Mutations

You have an increased reservoir of magic. (+10% MP)
You shall have no god before yourself.
Your divine heritage dramatically boosts your attributes as you level up.


Message History

As you open the door, it creaks loudly!
Done exploring.
Done exploring.
Done exploring.
No target in view!
(D) Dungeon
Where to? (Enter - D:2, ? - help)
There is an open door here.
There is a stone staircase leading down here.
You climb downwards.
Found a stone staircase leading up and a stone staircase leading down.
There is a stone staircase leading up here.
g - a scroll labelled MYIFENN LINOEW
f - 2 scrolls labelled NOIRGH JIOPA (gained 1)
A gnoll comes into view. It is wielding a +0 flail.
The gnoll shouts!
You hear a shout!
The gnoll moves out of view.
No target in view!
No target in view!
No target in view!
A gnoll is nearby!
A gnoll is nearby!
A gnoll comes into view. It is wielding a +0 club.
The gnoll shouts!
The gnoll moves out of view.
A gnoll comes into view. It is wielding a +0 halberd.
A gnoll comes into view. It is wielding a +0 spear.
Found a grey potion.
The gnoll shouts!
The gnoll throws a throwing net.
The throwing net hits you.
You become entangled in the net!
The gnoll hits you from afar with a +0 halberd!
* * * LOW HITPOINT WARNING * * *
You see here a throwing net.
You struggle against the net.
The gnoll hits you from afar with a +0 halberd.
* * * LOW HITPOINT WARNING * * *
You struggle against the net.
The gnoll barely misses you. The gnoll hits you with a +0 club.
You die...

#######.#####......####.#
# #.#####^.#.### #
#............#
#.........#.##
#............#
#............#
#########.#......
.......##.# ..###
......g@..# .#
......g#### # .....g.
....... ....... .......
.....!. ...#.##


You could see 3 gnolls.

Vanquished Creatures
  A worm (D:1)
  4 ball pythons (D:1)
  2 bats (D:1)
  2 goblins (D:1)
  A quokka (D:1)
  3 kobolds (D:1)
  2 rats (D:1)
15 creatures vanquished.

Notes
Turn   | Place    | Note
-------+----------+-------------------------------------------
     0 | D:1      | pkoi the Demigod Earth Elementalist began the quest for the
                  | Orb.
     0 | D:1      | Reached XP level 1. HP: 14/14 MP: 5/5
   141 | D:1      | Reached skill level 3 in Earth Magic
   188 | D:1      | Found Mixzoj's One-of-a-Kind Rings.
   723 | D:1      | Reached XP level 2. HP: 20/20 MP: 7/7
   892 | D:1      | Found Vymn's Weapon Boutique.
  1017 | D:1      | Learned a level 2 spell: Passwall
  1247 | D:2      | Slain by a gnoll

Illustrated notes

Levels and vault maps discovered:
D:1:      dpeg_arrival_oval, layout_basic, serial_shops, shop,
          nicolae_shop_unique_rings, st_stairs_13, nicolae_wormholes
D:2:      layout_basic, ebering_ecumenical_altar_box

Skill      XL: |  1 |
---------------+----+-----
Earth Magic    | 3 |  3.5
Dodging        | |  1.7
Stealth        | |  1.7
Spellcasting   | |  1.7
Transmutations | |  0.8

Action                   || total
-------------------------++-------
Melee: Long sword        ||    10
       Dagger            ||    31
 Cast: Sandblast         ||     6
  Use: Scroll            ||     2
 Stab: Sleeping          ||     4
Armor: Robe              ||     7
Dodge: Dodged            ||    28
